AoeStats
← LeonGamer7u7

Nomad

510213613Analyzed
3v3 RM · 2d ago on Sep 30, 2026· 46m 28s· 6 players
Game mode
Random Map
Map size
210×210
Population
200
Speed
Normal
Resources
Standard
Victory
Conquest
Starting age
Dark Age
Ending age
Imperial Age
RankedLock teamsTeams togetherTeam positionsShared explorationLock speedFull tech treeHidden civsTurbo modeCheats
Victory
Defeat
🇳🇱 Hindustanis · Netherlands
1067
+13
🇦🇷 Persians · Argentina
996
+16
🇬🇧 Tupi · United Kingdom
909
+19
🇮🇱 Berbers · Israel
1120
-22
🇲🇽 Varangians · Mexico
953
-14
🇲🇽 Portuguese · Mexico
894
-12
Flying Dutchman
3:57 Loom
14:55 Feudal Age
15:57 Fishing Lines
22:08 Castle Age
21:22 Gold Mining
23:38 Wheelbarrow
22:53 Double-Bit Axe
26:16 Hand Cart
28:20 Gillnets
28:38 Horse Collar
31:57 Heavy Plow
32:34 Gold Shaft Mining
31:51 Stone Mining
33:13 Forging
33:03 Scale Mail Armor
40:21 Imperial Age
38:55 Stone Shaft Mining
38:48 Fletching
38:58 Padded Archer Armor
39:34 Iron Casting
39:56 Town Watch
40:36 Husbandry
40:46 Bloodlines
40:51 Scale Barding Armor
40:41 Bodkin Arrow
40:53 Squires
41:02 Scale Mail Armor
40:25 Heavy Camel Rider
41:56 Town Patrol
42:36 Conscription
42:39 Chain Barding Armor
43:20 Blast Furnace
43:16 Bracer
43:17 Scale Mail Armor
43:32 Imperial Camel Rider
44:54 Plate Barding Armor
45:25 Scale Mail Armor
45:26 Bracer
45:08 Siege Elephant
47:37 Chemistry
46:47 Masonry
Hopsie7806
4:20 Loom
16:18 Feudal Age
17:26 Gold Mining
17:23 Double-Bit Axe
17:33 Horse Collar
20:19 Fishing Lines
23:50 Castle Age
25:10 Bow Saw
25:04 Heavy Plow
25:45 Gold Shaft Mining
25:01 Stone Mining
26:30 Wheelbarrow
27:57 Hand Cart
29:20 Gillnets
31:36 Medium Warships
35:53 Imperial Age
35:13 Fletching
35:23 Padded Archer Armor
36:15 Padded Archer Armor
37:45 Bodkin Arrow
38:05 Leather Archer Armor
38:27 Ballistics
37:55 Capped Ram
39:28 Elite Blackwood Archer
41:46 Bracer
45:09 Ring Archer Armor
44:39 Scale Mail Armor
45:47 Curare
47:03 Chemistry
46:40 Caciques
GUASON_
4:51 Loom
12:47 Feudal Age
14:07 Double-Bit Axe
18:06 Castle Age
16:20 Fishing Lines
19:17 Bow Saw
19:39 Town Watch
20:35 Medium Warships
21:31 Fletching
22:36 Gillnets
23:38 Husbandry
23:49 Bloodlines
23:36 Horse Collar
23:48 Gold Mining
24:22 Stone Mining
25:57 Bodkin Arrow
29:08 Heavy Plow
34:03 Imperial Age
32:26 Scale Barding Armor
33:33 Wheelbarrow
33:11 Forging
34:16 Chain Barding Armor
34:40 Iron Casting
33:43 Cavalier
35:34 Plate Barding Armor
35:12 Savar
38:10 Blast Furnace
38:16 Chemistry
44:18 Conscription
diossnefru1
3:51 Loom
17:53 Feudal Age
19:19 Wheelbarrow
18:30 Double-Bit Axe
18:30 Horse Collar
19:29 Gold Mining
19:32 Fishing Lines
25:15 Castle Age
23:09 Stone Mining
23:49 Fletching
24:00 Padded Archer Armor
24:10 Forging
27:36 Bow Saw
34:53 Heavy Plow
35:24 Hand Cart
35:50 Leather Archer Armor
38:57 Treadmill Crane
42:13 Imperial Age
40:19 Iron Casting
39:41 Bodkin Arrow
39:46 Scale Mail Armor
39:42 Pikeman
40:08 Arson
40:37 Heated Shot
41:08 Ballistics
43:30 Halberdier
45:20 Chemistry
45:15 Conscription
44:56 Arquebus
Spitfire
12:07 Loom
15:48 Feudal Age
16:38 Double-Bit Axe
17:36 Fishing Lines
20:18 Wheelbarrow
23:49 Castle Age
23:28 Gold Mining
24:36 Fletching
25:45 Bow Saw
25:34 Bodkin Arrow
26:27 Padded Archer Armor
33:23 Leather Archer Armor
33:31 Ballistics
34:50 Town Watch
35:19 Bloodlines
36:46 Stone Mining
40:49 Imperial Age
38:56 Murder Holes
41:21 Scale Barding Armor
41:27 Forging
41:38 Heavy Camel Rider
44:36 Chain Barding Armor
LeonGamer7u7
9:51 Loom
17:33 Feudal Age
18:08 Fishing Lines
18:12 Horse Collar
18:37 Double-Bit Axe
20:15 Town Watch
22:38 Castle Age
22:16 Wheelbarrow
23:33 Gillnets
23:58 Bow Saw
24:12 Town Patrol
24:29 Stone Mining
33:12 Heavy Plow
36:18 Husbandry
36:29 Bloodlines
38:30 Hand Cart
39:20 Vendel Legacy
43:20 Imperial Age
40:45 Gold Mining
41:12 Forging
41:08 Scale Barding Armor
41:02 Arson
41:33 Scale Mail Armor
42:41 Iron Casting
42:26 Chain Barding Armor
43:04 Chain Mail Armor
43:24 Squires
43:30 Cavalier
44:35 Conscription
46:24 Blast Furnace
46:21 Plate Barding Armor
Connection lost

Rejoining the realm…

Still unreachable

The connection could not be restored.

Session expired

The server has moved on; the page needs a fresh start.